 Dungeon Sprint DCSS version 0.28.0-43-g3370ac3207 (webtiles) character file.

Game seed: 4878824394461002673

259 boopmooplesden the Cleaver (level 5, -9/57 HPs)
             Began as a Minotaur Berserker on Mar 13, 2022.
             Was an Elder of Trog.
             Mangled by a human (14 damage)
             ... in the Dungeon (Sprint III: "The Ten Rune Challenge").
             The game lasted 00:01:12 (606 turns).

boopmooplesden the Cleaver (Minotaur Berserker)      Turns: 606, Time: 00:01:14

Health: -9/57      AC:  2    Str: 22    XL:     5   Next: 95%
Magic:  4/4        EV: 13    Int:  4    God:    Trog [****..]
Gold:   37         SH:  0    Dex: 11    Spells: 4/4 levels left

rFire   . . .      SeeInvis .   a - +0 hand axe
rCold   . . .      Faith    .   (no shield)
rNeg    . . .      Spirit   .   b - +0 animal skin
rPois   .          Reflect  .   (helmet restricted)
rElec   .          Harm     .   (no cloak)
rCorr   .          Rampage  .   (no gloves)
Will    +....      NoTele   +   (no boots)
Stlth   +.........              (no amulet)
HPRegen 0.19/turn               (no ring)
MPRegen 0.09/turn               (no ring)

@: hasted, very quick
A: horns 2, retaliatory headbutt, strong-willed 1, mutation resistance 1
a: Renounce Religion, Berserk, Trog's Hand, Brothers in Arms


You were in the Dungeon.
You worshipped Trog.
Trog was greatly pleased with you.
You visited 1 branch You collected 37 gold pieces.

Inventory:

Hand Weapons
 a - a +0 hand axe (weapon)
Armour
 b - a +0 animal skin (worn)
Wands
 q - a wand of paralysis (5)
Scrolls
 h - a scroll of blinking
 j - a scroll of enchant armour {unknown}
 l - a scroll of holy word {unknown}
 m - 2 scrolls of identify {unknown}
 o - a scroll of torment {unknown}
Potions
 c - 2 potions of curing
 d - a potion of heal wounds
 f - 2 potions of magic
 g - a potion of berserk rage
 i - 2 potions of ambrosia {unknown}
 k - 2 potions of mutation
 n - a potion of flight {unknown}
 p - a potion of degeneration {unknown}


   Skills:
 + Level 9.6 Fighting
 + Level 10.2 Axes
 + Level 5.1 Armour
 + Level 5.0 Dodging
 + Level 0.6 Stealth


You had 4 spell levels left.
You didn't know any spells.
Your spell library was empty.

Dungeon Overview and Level Annotations

Branches:
Dungeon (1/1)

Altars:
Dithmenos
Kikubaaqudgha
Okawaru
Ru
Sif Muna
Trog
Uskayaw
Vehumet
Wu Jian
Yredelemnul
Beogh


Innate Abilities, Weirdness & Mutations

You have a pair of horns on your head.
You reflexively headbutt those who attack you in melee.
You are strong-willed. (Will+)
You are somewhat resistant to further mutation.


Message History

You closely miss the human. The human barely misses you.
You hit the human.
The human is moderately wounded.
You miss the human. The human barely misses you. You furiously retaliate!
You headbutt the human, but do no damage.
You hit the human but do no damage.
The human is moderately wounded.
You miss the human.
You recover from your berserk rage.
The human barely misses you. You furiously retaliate!
You headbutt the human! You closely miss the human.
The human is moderately wounded.
You hit the human.
The human drinks a potion.
The human seems to grow stronger.
The human hits you but does no damage.
You closely miss the human.
The human is moderately wounded.
You hit the human. The human hits you! The human hits you but does no damage.
You miss the human. Your headbutt misses the human.
The human is moderately wounded.
You closely miss the human. You hit the human but do no damage.
You headbutt the human.
The human is heavily wounded.
You slash the human! The human barely misses you. x2
You hit the human but do no damage. You headbutt the human!
The human is severely wounded.
You hit the human but do no damage. The human closely misses you.
You miss the human.
The human is severely wounded.
You hit the human. The human hits you! The human closely misses you.
You hit the human. You headbutt the human.
The human is severely wounded.
You hit the human but do no damage. The human hits you!
* * * LOW HITPOINT WARNING * * *
You closely miss the human.
You headbutt the human, but do no damage.
The human is severely wounded.
You closely miss the human. The human hits you.
* * * LOW HITPOINT WARNING * * *
The human hits you!
You die...

▓▓ ▓▓▓ .#### ##.#
######## )...#####..#
#___#__# .....#..#..#
#pp)#._#
##...#..#..###+#@###)##
###..##'#..#..........#
.##..###...'.⌠........#
##.†####...#...######+#
##..###....#.⌠.#
#...##÷....#...#
....#......#'###
..##.#.....#.).#
..#####....#___#


You could see 2 humans.

Vanquished Creatures
  A necrophage (D)
  A water elemental (D)
  Jessica (D)
  A wizard (D)
  A necromancer (D)
  A human (D)
  A kobold demonologist (D)
  A phantom (D)
  3 rats (D)
11 creatures vanquished.

Vanquished Creatures (others)
  A plant (D)
1 creature vanquished.

Grand Total: 12 creatures vanquished

Notes
Turn   | Place    | Note
-------+----------+-------------------------------------------
     0 | D        | boopmooplesden the Minotaur Berserker began the quest for
                  | the Orb.
     0 | D        | Reached XP level 1. HP: 19/19 MP: 0/0
    14 | D        | Reached skill level 4 in Axes
    27 | D        | Noticed Jessica
    33 | D        | Killed Jessica
    33 | D        | Reached ** piety under Trog
    34 | D        | Reached skill level 5 in Fighting
    34 | D        | Reached skill level 5 in Axes
    34 | D        | Reached XP level 2. HP: 12/30 MP: 1/1
   260 | D        | Reached XP level 3. HP: 37/37 MP: 2/2
   266 | D        | Reached skill level 6 in Axes
   280 | D        | Gained mutation: You are strong-willed. (Will+) [potion of
                  | mutation]
   280 | D        | Gained mutation: You are somewhat resistant to further
                  | mutation. [potion of mutation]
   364 | D        | Noticed a water elemental
   368 | D        | Killed a water elemental
   368 | D        | Reached *** piety under Trog
   369 | D        | Reached skill level 7 in Axes
   369 | D        | Reached XP level 4. HP: 41/47 MP: 3/3
   487 | D        | Found a radiant altar of Vehumet.
   487 | D        | Found a shimmering blue altar of Sif Muna.
   487 | D        | Found an ancient bone altar of Kikubaaqudgha.
   487 | D        | Noticed a wizard
   489 | D        | Killed a wizard
   490 | D        | Reached skill level 8 in Axes
   495 | D        | Noticed a red devil
   496 | D        | Reached XP level 5. HP: 53/53 MP: 4/4
   540 | D        | Found a basalt altar of Yredelemnul.
   540 | D        | Found a shadowy altar of Dithmenos.
   540 | D        | Found a sacrificial altar of Ru.
   540 | D        | Noticed a necrophage
   545 | D        | Reached **** piety under Trog
   546 | D        | Reached skill level 9 in Axes
   551 | D        | Killed a necrophage
   552 | D        | Reached skill level 10 in Axes
   552 | D        | Reached skill level 5 in Armour
   552 | D        | Reached skill level 5 in Dodging
   589 | D        | Found a hide-covered altar of Uskayaw.
   589 | D        | Found an iron altar of Okawaru.
   590 | D        | Found a bloodstained altar of Trog.
   590 | D        | Found an ornate altar of the Wu Jian Council.
   590 | D        | Noticed a human
   590 | D        | Noticed a human
   606 | D        | Mangled by a human

Illustrated notes

Levels and vault maps discovered:
D:        dungeon_sprint_mu [sprint_mu_entry_cave, sprint_mu_temple_rooms,
          sprint_mu_d1_spiders, sprint_mu_d2_genie, sprint_mu_d3_branching,
          sprint_mu_orc_legion, sprint_mu_elf_gauntlet, sprint_mu_hive_nellie,
          sprint_mu_lair_fedhas, sprint_mu_vaults_butterflies,
          sprint_mu_slime_circle, sprint_mu_swamp_cave, sprint_mu_snake_twists,
          sprint_mu_blade_basic, sprint_mu_crypt_chambers,
          sprint_mu_tomb_spiral, sprint_mu_vestibule_basic,
          sprint_mu_gehenna_hellfire, sprint_mu_dis_giant,
          sprint_mu_tartarus_statrot, sprint_mu_cocytus_islands, sprint_mu_zot1]

Skill      XL: |  1  2  3  4  5 |
---------------+----------------+-----
Fighting       | 5 7 8 9 |  9.6
Axes           | 5 7 8 10 | 10.2
Armour         | 3 4 5 |  5.1
Dodging        | 3 4 5 |  5.0
Stealth        | |  0.6

Action                   |  1- 3 |  4- 6 || total
-------------------------+-------+-------++-------
Melee: Hand axe          |    16 |    28 ||    44
       Headbutt          |     1 |     8 ||     9
Invok: Berserk           |     3 |     2 ||     5
  Use: Potion            |     1 |     1 ||     2
Armor: Animal skin       |     2 |     4 ||     6
Dodge: Dodged            |     6 |    12 ||    18
